 Dungeon Crawl Stone Soup version 0.28-a0-863-g8cecda6153 (webtiles) character file.

Game seed: 1094985500472188428

4 bande the Skirmisher (level 1, 0/14 HPs)
             Began as a Gargoyle Fighter on Nov 19, 2021.
             Slain by a jackal (3 damage)
             ... on level 1 of the Dungeon.
             The game lasted 00:00:37 (345 turns).

bande the Skirmisher (Gargoyle Fighter)              Turns: 345, Time: 00:00:38

Health: 0/14       AC: 13    Str: 19    XL:     1   Next: 70%
Magic:  1/1        EV:  5    Int:  8    God:
Gold:   0          SH:  4    Dex:  9    Spells: 0/0 levels left

rFire   . . .      SeeInvis .   a - +0 war axe
rCold   . . .      Faith    .   c - +0 buckler
rNeg    + . .      Spirit   .   e - +0 plate armour
rPois   ∞          Reflect  .   (no helmet)
rElec   +          Harm     .   (no cloak)
rCorr   .          Rampage  .   (no gloves)
Will    .....                   (no boots)
Stlth   ..........              (no amulet)
HPRegen 0.04/turn               (no ring)
MPRegen 0.07/turn               (no ring)

@: no status effects
A: sickness immunity, AC +2, negative energy resistance 1, electricity
resistance, torment resistance 1, petrification resistance
a: no special abilities


You were on level 1 of the Dungeon.
You visited 1 branch of the dungeon, and saw 1 of its levels.

Inventory:

Hand Weapons
 a - a +0 war axe (weapon)
Armour
 c - a +0 buckler (worn)
 e - a +0 plate armour (worn)
Scrolls
 g - a scroll of torment {unknown}
Potions
 b - a potion of heal wounds {unknown}
 d - a potion of might
 f - a potion of degeneration {unknown}


   Skills:
 + Level 3.4 Fighting
 + Level 1.8 Axes
 + Level 3.4 Armour
 + Level 3.3 Shields


You couldn't memorise any spells.
You didn't know any spells.
Your spell library contained the following spells:

 Spells                   Type           Power      Damage    Failure   Level
 Fulminant Prism          Conj/Hex       0%         3d6       100%        4
 Lightning Bolt           Conj/Air       0%         1d11      100%        5
 Haunt                    Necr/Summ      0%         N/A       100%        7


Dungeon Overview and Level Annotations

Branches:
Dungeon (1/15)

Altars:


Innate Abilities, Weirdness & Mutations

You are immune to sickness and miasma.
Your stone body is resilient. (AC +2)
You are immune to poison.
You resist negative energy. (rN+)
You are resistant to electric shocks. (rElec)
You are resistant to unholy torment.
You are immune to petrification.


Message History

You barely miss the ball python. The ball python barely misses you.
The ball python constricts you.
The jackal bites you but does no damage.
The ball python barely misses you. The ball python constricts you.
You closely miss the jackal.
The jackal is severely wounded.
You hit the ball python. The jackal bites you.
The jackal bites you but does no damage.
The ball python completely misses you. The ball python constricts you.
Unknown command.
You barely miss the jackal.
The jackal is severely wounded.
You closely miss the ball python.
The jackal bites you but does no damage.
The ball python bites you.
* * * LOW HITPOINT WARNING * * *
The ball python constricts you.
The jackal bites you but does no damage.
The ball python barely misses you. The ball python constricts you.
* * * LOW HITPOINT WARNING * * *
You closely miss the jackal.
The jackal is severely wounded.
Your plate armour prevents you from hitting the ball python.
The jackal bites you but does no damage.
The ball python barely misses you. The ball python constricts you.
You block the jackal's attack.
The ball python bites you but does no damage.
The ball python constricts you.
Your shield and plate armour prevent you from hitting the jackal.
The jackal is severely wounded.
You closely miss the ball python.
The jackal bites you but does no damage. x2
The ball python bites you but does no damage.
The ball python constricts you.
You barely miss the jackal.
The jackal is severely wounded.
You hit the ball python.
You kill the ball python!
The jackal bites you.
You die...

#......# #..(...# #.
.##......# #.##
.##......### #...
.##......#..
###..###.#......##.#
#.>......#.##.#.# .# .
#........#.##.#.##.##....
#.......##.##...@hg...#
#............##†##.......
#.......#......hh ....#)#
........#......h.###.##
#.......#.....##.# .#
##.####.###....... > #.#
#.# #...##.# # #.# #..
...... #.# #### #...#


You could see 3 jackals and a goblin.

Vanquished Creatures
  2 ball pythons (D:1)
  2 jackals (D:1)
  A frilled lizard (D:1)
5 creatures vanquished.

Notes
Turn   | Place    | Note
-------+----------+-------------------------------------------
     0 | D:1      | bande the Gargoyle Fighter began the quest for the Orb.
     0 | D:1      | Reached XP level 1. HP: 14/14 MP: 1/1
   125 | D:1      | Got Sif Muna's Disquisition on Creative Conjuration
   345 | D:1      | Slain by a jackal

Illustrated notes

Levels and vault maps discovered:
D:1:      dpeg_arrival_rhombi, layout_loops_cross

Action                   || total
-------------------------++-------
Melee: War axe           ||    27
Armor: Plate armour      ||    30
Dodge: Dodged            ||    15
Block: Buckler           ||     8

Table legend: (Time is in decaauts)
 A = Elapsed time spent in this place.
 B = Non-inter-level travel time spent in this place.
 C = Inter-level travel time spent in this place.
 D = Time resting spent in this place.
 E = Time spent auto-exploring this place.
 F = Levels seen in this place.
 G = Mean time per level.
                   A        B        C        D        E       F      G
               +--------+--------+--------+--------+--------+-----+--------+
         Total |    355 |    355 |      0 |      0 |    281 |   1 |  355.0 |
       Dungeon |    355 |    355 |      0 |      0 |    281 |   1 |  355.0 |
               +--------+--------+--------+--------+--------+-----+--------+

Top non-repeatable levels by time:
     D:1: 355 daAuts
